cohdb
Replays
Latest Replays
All Replays
Popular Replays
Top Player Replays
Match Explorer
How It Works
Community
CoH3 Stats
Reddit
Sign in to upload your games and track your stats! →
Sign in with Steam
Match 31793987
Unlisted
Match 31793987
Overview
Messages
Build Orders
End
Vickers Machine Gun Team
Construct Section Command Post
Selects Air and Sea Battlegroup
Dingo Light Scout Car
Infantry Section
Grenade Package
Infantry Section
Construct Field Infirmary
Infantry Section
Construct Platoon Command Post
Selects Commando Section Paradrop
Commando Section Paradrop
Unlock M3 Stuart Light Tanks
Selects Supply Surplus
M3 Stuart Light Tank
Selects M1 Pack Howitzer Paradrop
M1 Pack Howitzer Paradrop
Infantry Training
Team Weapon Training
Microsoft Office PowerPoint
Microsoft Office Excel
Microsoft Office Word
Bossolo
BidelloSonico
HY3NA
0
0
Comments
sign in to comment!
No comments posted yet!